 Dungeon Crawl Stone Soup version 0.31-a0-1074-g0b22e4e0f1 (webtiles) character file.

Game seed: 4221962220585051267

9977 jlumianski the Grappler (level 11, -4/84 HPs)
             Began as a Gnoll Shapeshifter on Dec 5, 2023.
             Was an Initiate of Wu Jian.
             Slain by Snorg (12 damage)
             ... on level 11 of the Dungeon.
             The game lasted 00:42:53 (11004 turns).

jlumianski the Grappler (Gnoll Shapeshifter)       Turns: 11004, Time: 00:42:54

Health: -4/84      AC:  9    Str: 18    XL:     11   Next: 54%
Magic:  19/20      EV: 13    Int:  9    God:    Wu Jian [......]
Gold:   676        SH:  5    Dex: 12    Spells: 17/23 levels left

rFire   . .          .
                       - Unarmed
rCold   . . .        (shield currently unavailable)
rNeg    . . .        p - +0 ring mail "Vunop" {Drain rPois SInv Stlth+}
rPois   +            s - +0 helmet
rElec   .            H - +0 cloak
rCorr   .            (no gloves)
SInv    +            (no boots)
Will    .....        z - amulet of reflection
Stlth   ++           D - ring of see invisible
HPRegen 0.34/turn    a - ring of wizardry
MPRegen 0.17/turn

%: reflection, wizardry (x1)
@: flux-form, on blink cooldown, glowing
A: glow, contaminating, fangs 1, strong nose, distributed training
a: Begin Untransformation, Renounce Religion


You were on level 11 of the Dungeon.
You worshipped Wu Jian.
Wu Jian was noncommittal.
You were something dangerously unstable.
You visited 2 branches of the dungeon, and saw 12 of its levels.
You also visited: Sewer.

You collected 702 gold pieces.
You spent 26 gold pieces at shops.

Inventory:

Hand Weapons
 e - a +1 eveningstar of protection
Missiles
 o - 7 boomerangs (quivered)
 t - 2 curare-tipped darts
 R - 8 poisoned darts
Armour
 p - the +0 ring mail "Vunop" (worn) {Drain rPois SInv Stlth+}
   (You found it on level 4 of the Dungeon)

   rPois:     It protects you from poison SInv: It lets you see invisible.
   Drain:     It drains your maximum health when unequipped.
   Stlth+:    It makes you more stealthy.
 s - a +0 helmet (worn)
 H - a +0 cloak (worn)
Jewellery
 a - a ring of wizardry (right hand)
 f - a ring of positive energy
 u - an amulet of guardian spirit
 z - an amulet of reflection (around neck)
 D - a ring of see invisible (left hand)
Talismans
 c - a beast talisman
 d - a flux talisman (active)
 M - a maw talisman
Wands
 q - a wand of acid (11)
 v - a wand of mindburst (3)
 B - a wand of iceblast (6)
 J - a wand of charming (4)
 O - a wand of digging (4)
Scrolls
 g - a scroll of silence {unknown}
 i - a scroll of enchant weapon {unknown}
 j - a scroll of fear {unknown}
 k - 5 scrolls of blinking
 r - a scroll of enchant armour {unknown}
 w - a scroll of amnesia
 y - 4 scrolls of teleportation
 F - 2 scrolls of poison {unknown}
 G - a scroll of revelation {unknown}
 K - a scroll of immolation {unknown}
Potions
 b - 4 potions of lignification
 h - a potion of invisibility
 m - 4 potions of curing
 n - a potion of magic
 x - 2 potions of haste
 C - a potion of might
 I - a potion of resistance {unknown}
 P - a potion of degeneration {unknown}
 Q - a potion of heal wounds {unknown}
 S - a potion of berserk rage {unknown}
 T - a potion of enlightenment {unknown}


   Skills:
 + Level 7.1 Fighting
 + Level 6.5 Short Blades
 + Level 6.5 Long Blades
 + Level 6.5 Axes
 + Level 6.5 Maces & Flails
 + Level 6.5 Polearms
 + Level 6.5 Staves
 + Level 6.5 Ranged Weapons
 + Level 6.5 Throwing
 + Level 6.5 Armour
 + Level 8.0 Dodging
 + Level 6.5 Stealth
 + Level 6.5 Shields
 + Level 9.3 Unarmed Combat
 + Level 6.5 Spellcasting
 + Level 5.4 Conjurations
 + Level 5.4 Hexes
 + Level 5.4 Summonings
 + Level 5.4 Necromancy
 + Level 5.4 Translocations
 + Level 5.4 Transmutations
 + Level 5.4 Fire Magic
 + Level 5.4 Ice Magic
 + Level 5.4 Air Magic
 + Level 5.4 Earth Magic
 + Level 5.4 Poison Magic
 + Level 7.1 Invocations
 + Level 6.5 Evocations
 + Level 8.9 Shapeshifting


You had 17 spell levels left.
You knew the following spells:

 Your Spells              Type           Power      Damage    Failure   Level
a - Blink                 Tloc           24%        N/A       2%          2
c - Ensorcelled Hibernat  Hex/Ice        24%        N/A       2%          2
d - Searing Ray           Conj           24%        2d5       2%          2

Your spell library contained the following spells:

 Spells                   Type           Power      Damage    Failure   Level
 Magic Dart               Conj           48%        1d5       1%          1
 Shock                    Conj/Air       48%        1d6       1%          1
 Passwall                 Tmut/Erth      10%        N/A       2%          2
 Ozocubu's Armour         Ice            12%        N/A       4%          3
 Swiftness                Air            12%        N/A       4%          3
 Airstrike                Air            6%         2d(1-17)  16%         4
 Anguish                  Hex/Necr       6%         N/A       16%         4
 Cause Fear               Hex            6%         N/A       16%         4
 Fulminant Prism          Conj/Hex       6%         3d7       16%         4
 Manifold Assault         Tloc           12%        N/A       16%         4
 Fireball                 Conj/Fire      6%         3d5       38%         5
 Metabolic Englaciation   Hex/Ice        6%         N/A       38%         5
 Eringya's Noxious Bog    Tmut/Pois      6%         4d6       90%         6
 Simulacrum               Ice/Necr       6%         N/A       90%         6
 Dragon's Call            Summ           6%         N/A       100%        9


Dungeon Overview and Level Annotations

Branches:
Dungeon (11/15)            Temple (1/1) D:4            Lair (0/5) D:8
  Sewer (visited)
    Orc: D:9-12

Altars:
Ashenzari
Cheibriados
Dithmenos
Elyvilon
Fedhas
Gozag
Hepliaklqana
Kikubaaqudgha
Makhleb
Nemelex Xobeh
Okawaru
Qazlal
Ru
Sif Muna
Trog
Uskayaw
Vehumet
Wu Jian
Xom
Yredelemnul
Zin
The Shining One

Shops:
D:3 *

Annotations:
D:6 3 runed translucent doors, BigPumpCobain's ghost, novice TrBe
D:11 Snorg


Innate Abilities, Weirdness & Mutations

You are something dangerously unstable.
You glow with magical radiation, making you easy to see and hit.
Foes you strike become dangerously contaminated with magical radiation.
You are incapable of wielding weapons or throwing items.
You have very sharp teeth.
Your uncanny sense of smell can sniff out nearby items.
Your experience applies equally to all skills.


Message History

Snorg shudders as magic cascades through her!!
Snorg twists and deforms.
Your bite misses Snorg.
Snorg is severely wounded.
You block Snorg's attack. Snorg claws you.
* * * LOW HITPOINT WARNING * * *
Snorg claws you.
* * * LOW HITPOINT WARNING * * *
You feel better. Snorg closely misses you. x3
You closely miss Snorg.
Snorg is severely wounded.
Snorg closely misses you. Snorg barely misses you.
Snorg claws you but does no damage.
You barely miss Snorg.
Snorg is severely wounded.
Snorg barely misses you. Snorg claws you!
* * * LOW HITPOINT WARNING * * *
Snorg claws you but does no damage.
Casting: Blink (safe; 2% risk of failure)
Confirm with . or Enter, or press ? or * to list all spells.
You blink.
You lunge at Snorg.
You barely miss Snorg.
Snorg is severely wounded.
Snorg misses you. Snorg claws you but does no damage. x2
You punch Snorg!
Snorg begins to glow.
You bite Snorg, but do no damage.
Snorg is almost dead.
Snorg closely misses you. Snorg barely misses you. Snorg closely misses you.
You hit Snorg but do no damage.
Snorg glows dangerously bright.
Snorg is almost dead.
You hit Snorg.
Snorg shudders as magic cascades through her.
Snorg twists and deforms.
Snorg is almost dead.
Snorg closely misses you. Snorg claws you but does no damage. x2
You barely miss Snorg.
Snorg is almost dead.
Snorg goes berserk!
You hit Snorg.
Snorg begins to glow.
Snorg is almost dead.
You block Snorg's attack. Snorg claws you!
You die...

##########
##...##...##
##..........####
#.....pT........
#............###
#............#
##$.........##
##...#....##
#####..###
######..#####
##.....#.....##
##.............#####


You could see Snorg (berserk, contam, misshapen).

Vanquished Creatures
  2 two-headed ogres (D:11)
  Maurice (D:7)
  Joseph (D:8)
  A kobold demonologist (D:10)
  An unseen horror (D:10)
  Psyche (D:11)
  4 trolls
  A hornet (D:10)
  A shadow (D:11)
  3 wyverns (D:8)
  14 yaks
  Grum (D:8)
  4 water moccasins
  An acid dragon (D:9)
  A black bear (D:5)
  An ice beast (D:5)
  3 orc warriors
  2 sky beasts
  4 centaurs
  2 ogres
  2 wolves (D:8)
  A kobold brigand (D:8)
  3 bullfrogs
  4 scorpions
  8 wights
  2 howler monkeys (D:10)
  3 hounds
  2 orc priests
  A gnoll bouda (D:7)
  5 iguanas
  2 sleepcaps (D:7)
  8 orc wizards
  7 gnolls
  12 adders
  A shadow imp (D:8)
  A white imp (D:8)
  3 worms
  2 dart slugs
  29 orcs
  9 ball pythons
  5 endoplasms
  12 giant cockroaches
  7 goblins
  5 hobgoblins
  11 jackals
  4 quokkas
  6 bats
  6 frilled lizards (Sewer)
  12 kobolds
  4 rats
226 creatures vanquished.

Vanquished Creatures (others)
  A human (D:5)
1 creature vanquished.

Grand Total: 227 creatures vanquished

Notes
Turn   | Place    | Note
-------+----------+-------------------------------------------
     0 | D:1      | jlumianski the Gnoll Shapeshifter began the quest for the
                  | Orb.
     0 | D:1      | Reached XP level 1. HP: 17/17 MP: 1/1
   210 | D:1      | Found a faded altar of an unknown god.
   257 | D:1      | Reached XP level 2. HP: 23/23 MP: 2/2
   485 | D:1      | Reached XP level 3. HP: 20/28 MP: 3/3
   894 | D:3      | Reached skill level 1 in Invocations
  1141 | D:3      | Found a glowing drain.
  1166 | Sewer    | Entered a sewer
  1206 | Sewer    | Reached skill level 1 in Short Blades
  1206 | Sewer    | Reached skill level 1 in Long Blades
  1206 | Sewer    | Reached skill level 1 in Axes
  1206 | Sewer    | Reached skill level 1 in Maces & Flails
  1206 | Sewer    | Reached skill level 1 in Polearms
  1206 | Sewer    | Reached skill level 1 in Staves
  1206 | Sewer    | Reached skill level 1 in Ranged Weapons
  1206 | Sewer    | Reached skill level 1 in Throwing
  1206 | Sewer    | Reached skill level 1 in Armour
  1206 | Sewer    | Reached skill level 1 in Stealth
  1206 | Sewer    | Reached skill level 1 in Shields
  1206 | Sewer    | Reached skill level 1 in Spellcasting
  1206 | Sewer    | Reached skill level 1 in Evocations
  1221 | Sewer    | Reached XP level 4. HP: 34/34 MP: 5/5
  1445 | Sewer    | Reached skill level 1 in Conjurations
  1445 | Sewer    | Reached skill level 1 in Hexes
  1445 | Sewer    | Reached skill level 1 in Summonings
  1445 | Sewer    | Reached skill level 1 in Necromancy
  1445 | Sewer    | Reached skill level 1 in Translocations
  1445 | Sewer    | Reached skill level 1 in Transmutations
  1445 | Sewer    | Reached skill level 1 in Fire Magic
  1445 | Sewer    | Reached skill level 1 in Ice Magic
  1445 | Sewer    | Reached skill level 1 in Air Magic
  1445 | Sewer    | Reached skill level 1 in Earth Magic
  1445 | Sewer    | Reached skill level 1 in Poison Magic
  1533 | Sewer    | Noticed a bullfrog
  1533 | Sewer    | Noticed a bullfrog
  1547 | Sewer    | Killed a bullfrog
  1548 | Sewer    | Reached XP level 5. HP: 14/41 MP: 5/7
  1947 | D:3      | Found Isousof's General Store.
  1952 | D:3      | Bought a scroll of identify for 26 gold pieces
  1986 | D:3      | Reached XP level 6. HP: 47/47 MP: 8/8
  2097 | D:3      | Found a sacrificial altar of Ru.
  2361 | D:2      | Learned a level 2 spell: Blink
  2868 | D:2      | Reached skill level 5 in Dodging
  3469 | D:4      | Identified the +0 ring mail "Vunop" {Drain rPois SInv
                  | Stlth+}
  3500 | D:4      | Found a staircase to the Ecumenical Temple.
  3537 | Temple   | Entered the Ecumenical Temple
  3711 | D:4      | Reached XP level 7. HP: 50/52 MP: 10/10
  3772 | D:4      | Reached skill level 7 in Unarmed Combat
  3773 | D:4      | Found a bloodstained altar of Trog.
  3877 | D:5      | Entered Level 5 of the Dungeon
  4030 | D:5      | Noticed a troll
  4038 | D:5      | Killed a troll
  4039 | D:5      | Reached XP level 8. HP: 43/60 MP: 7/12
  5075 | D:6      | Found a runed translucent gate.
  5076 | D:6      | Found a runed translucent gate.
  5101 | D:6      | Found a runed translucent gate.
  5102 | D:6      | Noticed BigPumpCobain's ghost (novice TrBe)
  5188 | D:6      | Found a shimmering blue altar of Sif Muna.
  5596 | D:5      | Found an ancient bone altar of Kikubaaqudgha.
  5695 | D:5      | Reached XP level 9. HP: 65/66 MP: 14/14
  5709 | D:5      | Found a snail-covered altar of Cheibriados.
  6271 | D:8      | Noticed Maurice
  6464 | D:8      | Maurice stole a maw talisman
  6469 | D:7      | Maurice stole a staff of fire
  6489 | D:7      | Maurice stole 4 boomerangs
  6494 | D:7      | Maurice stole an orb of energy
  6501 | D:7      | Killed Maurice
  6502 | D:7      | Reached skill level 5 in Fighting
  6596 | D:8      | Noticed Grum
  6607 | D:8      | Killed Grum
  6686 | D:8      | Reached skill level 8 in Unarmed Combat
  6765 | D:8      | Reached skill level 5 in Invocations
  6919 | D:8      | Learned a level 1 spell: Shock
  7113 | D:7      | Found a hide-covered altar of Uskayaw.
  7376 | D:7      | Noticed a troll
  7382 | D:7      | Killed a troll
  7386 | D:7      | Reached XP level 10. HP: 47/75 MP: 15/17
  7672 | D:8      | Reached skill level 5 in Short Blades
  7672 | D:8      | Reached skill level 5 in Long Blades
  7672 | D:8      | Reached skill level 5 in Axes
  7672 | D:8      | Reached skill level 5 in Maces & Flails
  7672 | D:8      | Reached skill level 5 in Polearms
  7672 | D:8      | Reached skill level 5 in Staves
  7672 | D:8      | Reached skill level 5 in Ranged Weapons
  7672 | D:8      | Reached skill level 5 in Throwing
  7672 | D:8      | Reached skill level 5 in Armour
  7672 | D:8      | Reached skill level 5 in Stealth
  7672 | D:8      | Reached skill level 5 in Shields
  7672 | D:8      | Reached skill level 5 in Spellcasting
  7672 | D:8      | Reached skill level 5 in Evocations
  7974 | D:8      | Noticed Joseph
  7998 | D:8      | Killed Joseph
  8216 | D:8      | Found a staircase to the Lair.
  8329 | D:8      | Learned a level 2 spell: Ensorcelled Hibernation
  8332 | D:8      | Learned a level 2 spell: Searing Ray
  8769 | D:10     | Entered Level 10 of the Dungeon
  9040 | D:9      | Found a glowing silver altar of Zin.
  9272 | D:9      | Got the Catalogue of the Nine Lies
  9372 | D:9      | Reached XP level 11. HP: 45/83 MP: 19/19
  9538 | D:9      | Found an ornate altar of the Wu Jian Council.
  9547 | D:9      | Became a worshipper of the Wu Jian Council
  9731 | D:10     | Found a shadowy altar of Dithmenos.
  9840 | D:10     | Reached skill level 9 in Unarmed Combat
  9840 | D:10     | Reached skill level 5 in Conjurations
  9840 | D:10     | Reached skill level 5 in Hexes
  9840 | D:10     | Reached skill level 5 in Summonings
  9840 | D:10     | Reached skill level 5 in Necromancy
  9840 | D:10     | Reached skill level 5 in Translocations
  9840 | D:10     | Reached skill level 5 in Transmutations
  9840 | D:10     | Reached skill level 5 in Fire Magic
  9840 | D:10     | Reached skill level 5 in Ice Magic
  9840 | D:10     | Reached skill level 5 in Air Magic
  9840 | D:10     | Reached skill level 5 in Earth Magic
  9840 | D:10     | Reached skill level 5 in Poison Magic
 10075 | D:11     | Noticed a two-headed ogre
 10086 | D:11     | Killed a two-headed ogre
 10308 | D:11     | Noticed Psyche
 10319 | D:11     | Killed Psyche
 10938 | D:11     | Noticed a two-headed ogre
 10950 | D:11     | Killed a two-headed ogre
 10970 | D:11     | Noticed Snorg
 11004 | D:11     | Slain by Snorg

Illustrated notes

Levels and vault maps discovered:
D:1:      eino_arrival_water_star, layout_basic,
          ebering_ecumenical_altar_petrified
D:2:      layout_basic, chequers_decorated_corner, grunt_ministairs_7
D:3:      layout_loops_ring, mainiacjoe_overflow_tiny_flanked, serial_shops,
          shop, cheibrodos_sewer_entry_drain
D:4:      cheibrodos_helix_gallery, layout_basic, bloody_trog,
          minmay_temple_entry_stoned_glass
D:5:      layout_basic, amcnicky_altar_gilded, tgw_kikubaaqudgha
D:6:      layout_rooms, mainiacjoe_overflow_alcove_2,
          gammafunk_ghost_necromancy, dk_noncrumbling_2
D:7:      layout_rooms, nicolae_uskayaw_dance_hall
D:8:      layout_loops_corners, minmay_lair_entry_grove, minivault_24,
          uniq_maurice, uniq_grum, uniq_joseph
D:9:      layout_small_grid, mainiacjoe_overflow_alcove_1,
          mainiacjoe_overflow_cross_hatched
D:10:     layout_rooms, nicolae_dithmenos_the_darkroom
D:11:     layout_rooms, uniq_snorg, uniq_urug, uniq_psyche
Temple:   dshaligram_water_room_temple

Skill      XL: |  1  2  3  4  5  6  7  8  9 10 11 |
---------------+----------------------------------+-----
Invocations    | 1 2 3 4 5 6 7 |  7.1
Short Blades   | 1 2 3 4 5 6 |  6.5
Long Blades    | 1 2 3 4 5 6 |  6.5
Axes           | 1 2 3 4 5 6 |  6.5
Maces & Flails | 1 2 3 4 5 6 |  6.5
Polearms       | 1 2 3 4 5 6 |  6.5
Staves         | 1 2 3 4 5 6 |  6.5
Ranged Weapons | 1 2 3 4 5 6 |  6.5
Throwing       | 1 2 3 4 5 6 |  6.5
Armour         | 1 2 3 4 5 6 |  6.5
Stealth        | 1 2 3 4 5 6 |  6.5
Shields        | 1 2 3 4 5 6 |  6.5
Spellcasting   | 1 2 3 4 5 6 |  6.5
Evocations     | 1 2 3 4 5 6 |  6.5
Conjurations   | 1 2 3 4 5 |  5.4
Hexes          | 1 2 3 4 5 |  5.4
Summonings     | 1 2 3 4 5 |  5.4
Necromancy     | 1 2 3 4 5 |  5.4
Translocations | 1 2 3 4 5 |  5.4
Transmutations | 1 2 3 4 5 |  5.4
Fire Magic     | 1 2 3 4 5 |  5.4
Ice Magic      | 1 2 3 4 5 |  5.4
Air Magic      | 1 2 3 4 5 |  5.4
Earth Magic    | 1 2 3 4 5 |  5.4
Poison Magic   | 1 2 3 4 5 |  5.4
Fighting       | 3 4 5 6 7 |  7.1
Dodging        | 5 6 7 8 |  8.0
Unarmed Combat | 7 8 9 |  9.3
Shapeshifting  | 7 8 |  8.9

Action                     |  1- 3 |  4- 6 |  7- 9 | 10-12 || total
---------------------------+-------+-------+-------+-------++-------
  Melee: Unarmed           |    86 |   115 |   327 |   323 ||   851
         Bite              |     8 |     5 |    45 |    56 ||   114
         Punch             |     1 |     1 |     1 |       ||     3
  Throw: Boomerang         |       |     3 |     2 |       ||     5
   Cast: Shock             |       |       |     4 |       ||     4
         Ensorcelled Hiber |       |       |       |     2 ||     2
         Blink             |       |       |       |     2 ||     2
         Searing Ray       |       |       |       |     2 ||     2
Ability: Lunge             |       |       |       |     8 ||     8
  Evoke: Wand              |       |       |     3 |       ||     3
    Use: Scroll            |     2 |     2 |     3 |     2 ||     9
         Potion            |       |     1 |     1 |     2 ||     4
   Stab: Sleeping          |     3 |     3 |       |     1 ||     7
 Armour: Animal skin       |    44 |    30 |       |       ||    74
         Skin              |       |    31 |       |       ||    31
         Leather armour    |       |    25 |       |       ||    25
         Ring mail         |       |     5 |   162 |   204 ||   371
  Dodge: Dodged            |    78 |    72 |   171 |   200 ||   521
  Block: Other             |       |       |    48 |    67 ||   115
         Reflection        |       |       |     1 |     1 ||     2
   Form: Flux              |       |       |     1 |       ||     1

Table legend: (Time is in decaauts)
 A = Elapsed time spent in this place.
 B = Non-inter-level travel time spent in this place.
 C = Inter-level travel time spent in this place.
 D = Time resting spent in this place.
 E = Time spent auto-exploring this place.
 F = Levels seen in this place.
 G = Mean time per level.
                   A        B        C        D        E       F      G
               +--------+--------+--------+--------+--------+-----+--------+
         Total |  11021 |  10778 |    243 |   1598 |   4999 |  13 |  847.8 |
       Dungeon |  10071 |   9828 |    243 |   1361 |   4767 |  11 |  915.5 |
        Temple |    101 |    101 |      0 |      0 |      0 |   1 |  101.0 |
         Sewer |    848 |    848 |      0 |    237 |    232 |   1 |  848.0 |
               +--------+--------+--------+--------+--------+-----+--------+

Top non-repeatable levels by time:
     D:8: 1773 daAuts
     D:2: 1256 daAuts
    D:10: 1225 daAuts
     D:7: 1194 daAuts
     D:5: 969 daAuts
     D:6: 852 daAuts
   Sewer: 848 daAuts
     D:3: 785 daAuts
     D:4: 688 daAuts
     D:1: 613 daAuts
     D:9: 560 daAuts
    D:11: 151 daAuts
  Temple: 101 daAuts
